 Dungeon Crawl Stone Soup version 0.18-a0-1495-gc91f3eb (console) character file.

1028 FIQ the Cleaver (level 8, -2/68 HPs)
             Began as a Hill Orc Gladiator on Feb 22, 2016.
             Was a Believer of Ukayaw.
             Slain by a gnoll sergeant
             ... wielding a +0 spear of flaming
              (3 damage)
             ... on level 5 of the Dungeon.
             The game lasted 00:07:56 (3575 turns).

FIQ the Cleaver (Hill Orc Gladiator)                Turns: 3575, Time: 00:07:56

Health: -2/68      AC:  9    Str: 18    XL:     8   Next: 23%
Magic:  0/10       EV: 12    Int:  8    God:    Ukayaw [**....]
Gold:   214        SH:  0    Dex: 13    Spells: 0 memorised, 7 levels left

rFire  . . .     SeeInvis .     a - +0 war axe
rCold  . . .     Gourm    .     y - +0 ring mail
rNeg   . . .     Faith    .     (no shield)
rPois  .         Spirit   +     c - +0 helmet
rElec  .         Dismiss  .     p - +0 cloak
rCorr  .         Reflect  .     g - +0 pair of gloves
SustAt .         Harm     .     (no boots)
MR     .....                    q - amulet of guardian spirit
Stlth  +.........               (no ring)
                                (no ring)

@: not resistant to hostile enchantments, very unstealthy
A: no striking features
a: Stomp, Line Pass, Renounce Religion


You were on level 5 of the Dungeon.
You worshipped Ukayaw.
Ukayaw was pleased with you.
You were not hungry.

You visited 1 branch of the dungeon, and saw 5 of its levels.

You collected 214 gold pieces.

Inventory:

Hand Weapons
 a - a +0 war axe (weapon)
Missiles
 d - 3 throwing nets (quivered)
Armour
 c - a +0 helmet (worn)
 g - a +0 pair of gloves (worn)
 p - a +0 cloak (worn)
 y - a +0 ring mail (worn)
Jewellery
 q - an amulet of guardian spirit (around neck)
Scrolls
 h - 9 scrolls of identify {unknown}
 j - a scroll of fear {unknown}
 l - 2 scrolls of enchant armour {unknown}
 m - 3 scrolls of remove curse {unknown}
 n - a scroll of teleportation {unknown}
 u - a scroll of recharging {unknown}
 v - a scroll of enchant weapon {unknown}
 w - 2 scrolls of amnesia {unknown}
 z - a scroll of random uselessness {unknown}
Potions
 o - a potion of might
Comestibles
 f - 4 bread rations


   Skills:
 + Level 5.2 Fighting
 * Level 8.9 Axes
 - Level 1.7 Throwing
 + Level 3.6 Armour
 + Level 4.1 Dodging
 + Level 2.6 Invocations


You had 7 spell levels left.
You didn't know any spells.

Dungeon Overview and Level Annotations

Branches:
Dungeon (5/15)
 Temple: D:4-7

Altars:
Okawaru
Pakellas
Sif Muna
Ukayaw
Zin


Message History

You are too injured to fight recklessly!
You are too injured to fight recklessly!
You are too injured to fight recklessly!
You are too injured to fight recklessly!
You are too injured to fight recklessly!
You are too injured to fight recklessly!
You are too injured to fight recklessly!
You are too injured to fight recklessly!
You are too injured to fight recklessly!
You are too injured to fight recklessly!
Drink which item? (? for menu, Esc to quit)
Okay, then.
The gnoll sergeant hits you with a spear of flaming!
* * * LOW HITPOINT WARNING * * *
The gnoll sergeant burns you.
* * * LOW HITPOINT WARNING * * *
The gnoll sergeant hits you from afar with a spear of flaming!
* * * LOW HITPOINT WARNING * * *
The gnoll sergeant burns you.
You die...

.....# ......#+##
.........# ........# .
#......# #..
###....<.##....
#..............
#......@.......
#.....)g.:.....
##......g......
#...###....... ###...##
###.... ...
#......###_###.# ....#
.##......##≈.≈.#.# #.#.#
.......%.#.≈.≈##.# #.#.#
.........##≈.≈.#.# #.#.#
.........#.≈.≈##.###.#.#
.........##((≈.#..##.#.####


You could see a gnoll sergeant and a gnoll.

Vanquished Creatures
  Sigmund (D:3)
  3 ogres
  A centaur (D:4)
  A giant frog (D:5)
  A crimson imp (D:5)
  A hound (D:3)
  3 orc wizards
  Jessica (D:3)
  3 worker ants (D:4)
  Robin (D:3)
  2 gnolls (D:5)
  2 adders (D:2)
  A shadow imp (D:3)
  An adder skeleton (D:4)
  3 worms
  A dart slug (D:1)
  5 giant geckos
  18 orcs
  2 ball pythons (D:1)
  12 bats
  4 giant cockroaches
  12 goblins
  11 hobgoblins
  14 jackals (D:3)
  12 kobolds
  A quokka (D:4)
  2 giant newts
  A quokka skeleton (D:4)
  9 rats
129 creatures vanquished.

Notes
Turn   | Place    | Note
--------------------------------------------------------------
     0 | D:1      | FIQ the Hill Orc Gladiator began the quest for the Orb.
     0 | D:1      | Reached XP level 1. HP: 18/18 MP: 1/1
   149 | D:1      | Reached XP level 2. HP: 16/25 MP: 2/2
   707 | D:1      | Reached XP level 3. HP: 30/30 MP: 3/3
   868 | D:2      | Reached skill level 5 in Axes
  1005 | D:2      | Reached skill level 1 in Armour
  1042 | D:2      | Reached XP level 4. HP: 20/38 MP: 2/4
  1077 | D:2      | Found a glowing silver altar of Zin.
  1146 | D:2      | Found a hide-covered altar to Ukayaw.
  1576 | D:3      | Noticed Robin
  1587 | D:3      | Killed Robin
  1700 | D:3      | Noticed Jessica
  1711 | D:3      | Killed Jessica
  1711 | D:3      | Reached XP level 5. HP: 30/45 MP: 3/5
  1826 | D:3      | Found a deep blue altar of Sif Muna.
  1918 | D:2      | Became a worshipper of Ukayaw the Reveler
  1918 | D:2      | Reached * piety under Ukayaw
  1918 | D:2      | Reached ** piety under Ukayaw
  1918 | D:2      | Reached *** piety under Ukayaw
  1918 | D:2      | Reached **** piety under Ukayaw
  1970 | D:3      | Found an oddly glowing altar of Pakellas.
  1980 | D:3      | Reached skill level 6 in Axes
  2039 | D:3      | Noticed Sigmund
  2058 | D:3      | Killed Sigmund
  2058 | D:3      | Reached XP level 6. HP: 29/52 MP: 0/6
  2328 | D:4      | Reached skill level 7 in Axes
  2340 | D:4      | Reached XP level 7. HP: 28/60 MP: 2/7
  2591 | D:4      | Reached skill level 1 in Invocations
  3038 | D:4      | Reached skill level 8 in Axes
  3105 | D:4      | Reached skill level 5 in Fighting
  3283 | D:5      | Entered Level 5 of the Dungeon
  3294 | D:5      | Reached XP level 8. HP: 30/68 MP: 3/9
  3412 | D:5      | Found an iron altar of Okawaru.
  3575 | D:5      | HP: 1/68 [gnoll sergeant/spear of flaming (7)]
  3575 | D:5      | Slain by a gnoll sergeant

Vault maps used:
D:1:      sevenhm_arrival_forest_fort_small_6
D:2:      lemuel_doored_altar, zin_statuary
D:3:      led_sif_book, first_bread, grunt_pakellas_basics, uniq_robin,
          uniq_jessica, uniq_sigmund
D:5:      okawaru_altar_gauntlet_db, old_standard_altar,
          nicolae_dithmenos_through_a_glass_darkly

Skill      XL: |  1  2  3  4  5  6  7 |
---------------+----------------------+-----
Axes           | 5 6 7 8 |  8.9
Armour         | 1 2 3 |  3.6
Fighting       | 3 4 5 |  5.2
Dodging        | 3 4 |  4.1
Invocations    | 2 |  2.6
Throwing       | |  1.7

Action                   |  1- 3 |  4- 6 |  7- 9 || total
-------------------------+-------+-------+-------++-------
Melee: War axe           |    89 |   102 |   170 ||   361
Invok: Stomp             |       |     1 |       ||     1
  Use: Potion            |       |     8 |       ||     8
 Stab: Paralysed         |       |       |     1 ||     1
  Eat: Chunk             |     1 |     3 |       ||     4
       Meat ration       |       |       |     1 ||     1
       Beef jerky        |       |       |     1 ||     1
